 Dungeon Crawl Stone Soup version 0.18-a0-1784-ga939a68 (webtiles) character file.

122 Murumi the Shield-Bearer (level 5, -2/41 HPs)
             Began as a Formicid Fighter on Apr 18, 2016.
             Killed from afar by a quokka (35 damage)
             ... with an exploding inner flame
             ... hexed by the player character
             ... on level 3 of the Dungeon.
             The game lasted 00:10:13 (2117 turns).

Murumi the Shield-Bearer (Formicid Fighter)         Turns: 2117, Time: 00:10:14

Health: -2/41      AC:  6    Str: 21    XL:     5   Next: 27%
Magic:  5/5        EV:  8    Int:  8    God:
Gold:   214        SH: 10    Dex: 10    Spells: 0 memorised, 4 levels left

rFire  . . .     SeeInvis +     a - +0 long sword
rCold  . . .     Gourm    .     b - +0 scale mail
rNeg   . . .     Faith    .     c - +0 shield
rPois  .         Spirit   .     (helmet unavailable)
rElec  .         Dismiss  .     (no cloak)
rCorr  .         Reflect  .     (no gloves)
SustAt .         Harm     .     (no boots)
MR     .....                    (no amulet)
Stlth  ..........               (no ring)
                                (no ring)

@: not resistant to hostile enchantments, extremely unstealthy
A: permanent stasis, dig shafts and tunnels, four strong arms, antennae 3
a: Dig, Shaft Self


You were on level 3 of the Dungeon.
You were not hungry.

You visited 1 branch of the dungeon, and saw 3 of its levels.

You collected 214 gold pieces.

Inventory:

Hand Weapons
 a - a +0 long sword (weapon)
Missiles
 h - 4 stones (quivered)
 j - 20 sling bullets
Armour
 b - a +0 scale mail (worn)
 c - a +0 shield (worn)
Scrolls
 e - a scroll of identify
Potions
 d - 2 potions of might
 g - a potion of invisibility
 i - 2 potions of curing
 k - a potion of magic
Comestibles
 f - 3 bread rations
 l - 6 chunks of flesh


   Skills:
 - Level 3.2 Fighting
 - Level 4.0 Long Blades
 - Level 3.2 Armour
 + Level 5.1 Shields


You had 4 spell levels left.
You didn't know any spells.

Dungeon Overview and Level Annotations

Branches:
Dungeon (3/15)

Altars:


Innate Abilities, Weirdness & Mutations

You are under a permanent stasis effect.
You can dig through walls and to a lower floor.
Your four strong arms can wield two-handed weapons with a shield.
You have a pair of large antennae on your head (SInv).


Message History

m - a scroll labeled VODICV XAOMIH
Items here: )))) † a whip; a spear x2; a whip; an orc corpse You butcher the orc corpse.
l - 6 chunks of flesh (gained 4)
Items here: )))) a whip; a spear x2; a whip A quokka comes into view.
Read which item? (? for menu, Esc to quit)
As you read the scroll labeled VODICV XAOMIH, it crumbles to dust.
The creatures around you are filled with an inner flame!
It was a scroll of immolation.
You closely miss the quokka. The quokka barely misses you.
The quokka bites you but does no damage.
You closely miss the quokka. The quokka barely misses you.
You slash the quokka!
The quokka explodes!
The fiery explosion engulfs you!
Ouch! That really hurt!
You die...

. #. #.#.###.. ..####.
#........ ..{....
###.###.. #.....####.#
#.. ##.........# #..
#......##### #..
#.#..###.### ##.
########.## ##..# #.
#...#@###.###.#.#####.
#§###...#..........
##.##..#.#########.
##.#..### #. { #.r..#
#. ###.## #. #.# #.
#.# #####. #.# #.....


There were no monsters in sight!

Vanquished Creatures
  4 gnolls (D:3)
  3 adders
  A worm (D:3)
  2 dart slugs
  A giant gecko (D:3)
  An orc (D:3)
  A ball python (D:2)
  A giant cockroach (D:2)
  4 goblins
  8 hobgoblins
  2 jackals (D:2)
  A quokka (D:3)
  11 bats
  A giant newt (D:1)
  5 kobolds
  4 rats
50 creatures vanquished.

Notes
Turn   | Place    | Note
--------------------------------------------------------------
     0 | D:1      | Murumi the Formicid Fighter began the quest for the Orb.
     0 | D:1      | Reached XP level 1. HP: 18/18 MP: 1/1
   165 | D:1      | Reached skill level 4 in Shields
   283 | D:1      | Reached XP level 2. HP: 18/24 MP: 2/2
   996 | D:2      | Reached XP level 3. HP: 29/29 MP: 3/3
  1612 | D:3      | Reached XP level 4. HP: 32/35 MP: 4/4
  1736 | D:3      | Reached skill level 5 in Shields
  2052 | D:3      | Reached XP level 5. HP: 25/41 MP: 5/5
  2117 | D:3      | Killed from afar by a quokka

Vault maps used:
D:1:      dpeg_arrival_connections, columned_hall_lemuel, minmay_misc_feat_x
D:3:      first_bread, uniq_crazy_yiuf_cottage

Skill      XL: |  1  2  3  4  5 |
---------------+----------------+-----
Shields        | 4 5 |  5.1
Long Blades    | 3 4 |  4.0
Fighting       | |  3.2
Armour         | |  3.2

Action                   |  1- 3 |  4- 6 || total
-------------------------+-------+-------++-------
Melee: Long sword        |   113 |    64 ||   177
 Abil: Dig               |       |     1 ||     1
  Use: Scroll            |     7 |     2 ||     9
  Eat: Chunk             |     2 |     2 ||     4
Armor: Scale mail        |    55 |    19 ||    74
Dodge: Dodged            |    30 |    16 ||    46
Block: Shield            |    63 |    35 ||    98
